 Dungeon Crawl Stone Soup version 0.31.0-12-g77e489cdc1 (webtiles) character file.

Game seed: 6631132119931934684

67 lordive the Shooter (level 4, -1/38 HPs)
             Began as a Minotaur Hunter on Feb 28, 2024.
             Incinerated by a bombardier beetle (6 damage)
             ... with a burning spray
             ... on level 3 of the Dungeon.
             The game lasted 00:01:42 (906 turns).

lordive the Shooter (Minotaur Hunter)                Turns: 906, Time: 00:01:43

Health: -1/38      AC:  3    Str: 15    XL:     4   Next: 0%
Magic:  3/3        EV: 12    Int:  6    God:
Gold:   51         SH:  0    Dex: 16    Spells: 3/3 levels left

rFire   . . .        a - +0 shortbow
rCold   . . .        (shield currently unavailable)
rNeg    . . .        c - +0 leather armour
rPois   .            (helmet restricted)
rElec   .            (no cloak)
rCorr   .            (no gloves)
SInv    .            (no boots)
Will    .....        (no amulet)
Stlth   +            (no ring)
HPRegen 0.26/turn    (no ring)
MPRegen 0.08/turn

%: no passive effects
@: on fire, glowing
A: horns 2, retaliatory headbutt
a: no special abilities


You were on level 3 of the Dungeon.
You visited 1 branch of the dungeon, and saw 4 of its levels.

You collected 51 gold pieces.

Inventory:

Hand Weapons
 a - a +0 shortbow (weapon)
Armour
 c - a +0 leather armour (worn)
Scrolls
 b - a scroll of butterflies
 e - 3 scrolls of teleportation {unknown}
 f - a scroll of fog {unknown}
 h - 3 scrolls of silence {unknown}
 i - 5 scrolls of identify {unknown}
 j - a scroll of amnesia {unknown}
Potions
 d - 4 potions of curing {unknown}
 g - a potion of brilliance {unknown}
 k - a potion of haste {unknown}


   Skills:
 + Level 3.1 Fighting
 + Level 5.7 Ranged Weapons
 + Level 1.1 Armour
 + Level 2.2 Dodging
 - Level 0.7 Stealth


You had 3 spell levels left.
You didn't know any spells.
Your spell library contained the following spells:

 Spells                   Type           Power      Damage    Failure   Level
 Blink                    Tloc           0%         N/A       67%         2
 Lesser Beckoning         Tloc           0%         N/A       67%         2
 Momentum Strike          Conj/Tloc      0%         3d8       67%         2
 Volatile Blastmotes      Fire/Tloc      0%         2d10      88%         3
 Fulminant Prism          Conj/Alch      0%         3d5       99%         4
 Iskenderun's Mystic Bla  Conj/Tloc      0%         2d3       99%         4


Dungeon Overview and Level Annotations

Branches:
Dungeon (4/15)
 Temple: D:4-7

Altars:
Ru


Innate Abilities, Weirdness & Mutations

You have a pair of horns on your head.
You reflexively headbutt those who attack you in melee.


Message History

The orc wizard is moderately wounded.
You shoot an arrow. The arrow hits the orc wizard.
The orc wizard is heavily wounded.
The bombardier beetle sprays incendiary fluid at you.
The burning spray hits you.
You are covered in liquid fire!
You shoot an arrow. The arrow hits the orc wizard.
The orc wizard is almost dead.
The liquid fire burns you!
The orc wizard hits you with a +0 dagger.
You shoot an arrow. The arrow barely misses the orc wizard.
The liquid fire burns you! The orc wizard closely misses you.
The orc closely misses you. The orc wizard barely misses you.
You shoot an arrow.
The arrow closely misses the orc wizard.
The liquid fire burns you! The orc wizard completely misses you.
You furiously retaliate!
You headbutt the orc wizard!
You kill the orc wizard!
The orc hits you with a +0 vampiric whip.
Your Armour skill increases to level 1!
You have reached level 4!
You feel agile. The liquid fire burns you!
* * * LOW HITPOINT WARNING * * *
The orc hits you with a +0 vampiric whip.
* * * LOW HITPOINT WARNING * * *
You shake off some of the fire as you move.
You climb upwards.
The liquid fire burns you!
* * * LOW HITPOINT WARNING * * *
There is a stone staircase leading down here.
Fire: a) +0 shortbow
Press: ? - help, Q - select action Shift-Dir - straight line, f - orc
Aim: an orc, wielding a +0 vampiric whip and wearing a +0 scale mail (66% to hit)
You shoot an arrow. The arrow hits the orc.
The orc is moderately wounded.
The liquid fire burns you!
You die...

## #.#.#.### #.#.....# .#
#.###.#.# #. #.# #.# #.#.# #.
###.# #.# #.#.# #. .##.# ######.#
#.#.#########.# )##.#
#......###.#.........#.### ....#
#..................†...#.. ....#
#........@.[......<.<..... ....#
#.......o.(#.#...###.##.#'
....####..........#.#.....#+##.#.
.........##.......#..........#.#)
.........##.......#.#..........#.
.........##.......#...........##.
.........##.......###.>.......#..
.##'#######.......###.........#._
.##.# #...................#..


You could see an orc.

Vanquished Creatures
  An orc wizard (D:4)
  An adder (D:3)
  A ribbon worm (D:3)
  5 orcs
  An endoplasm (D:1)
  4 goblins (D:3)
  A hobgoblin (D:1)
  A quokka (D:3)
  5 ball pythons
  A bat (D:1)
  5 kobolds (D:3)
  2 rats
28 creatures vanquished.

Notes
Turn   | Place    | Note
-------+----------+-------------------------------------------
     0 | D:1      | lordive the Minotaur Hunter began the quest for the Orb.
     0 | D:1      | Reached XP level 1. HP: 18/18 MP: 0/0
   242 | D:2      | Reached XP level 2. HP: 25/25 MP: 1/1
   456 | D:3      | Reached skill level 5 in Ranged Weapons
   504 | D:3      | Found a sacrificial altar of Ru.
   780 | D:3      | Reached XP level 3. HP: 31/31 MP: 2/2
   904 | D:4      | Reached skill level 1 in Armour
   904 | D:4      | Reached XP level 4. HP: 16/38 MP: 3/3
   906 | D:3      | Incinerated by a bombardier beetle

Illustrated notes

Levels and vault maps discovered:
D:1:      co_arrival_random_square_maze, layout_basic,
          hellmonk_ecumenical_altar_heavens_door
D:2:      layout_loops_corners, basic_altar, uniq_jessica
D:3:      layout_basic, mainiacjoe_overflow_surrounded_room
D:4:      layout_cave_pools, nicolae_ashenzari_panopticon,
          nicolae_overflow_hidden_temple, minmay_temple_entry_glass,
          dk_noncrumbling_4, uniq_sigmund

Skill      XL: |  1  2  3 |
---------------+----------+-----
Ranged Weapons | 5 |  5.7
Fighting       | 3 |  3.1
Armour         | 1 |  1.1
Dodging        | |  2.2
Stealth        | |  0.7

Action                     |  1- 3 |  4- 6 || total
---------------------------+-------+-------++-------
   Fire: Shortbow          |    82 |     1 ||    83
 Armour: Leather armour    |    13 |     1 ||    14
  Dodge: Dodged            |    21 |       ||    21
